 Dungeon Crawl Stone Soup version 0.21.1-1-g345015f (webtiles) character file.

63 frogsdev the Shield-Bearer (level 4, -2/35 HPs)
             Began as a Formicid Fighter on Mar 31, 2018.
             Slain by a hobgoblin
             ... wielding a +0 club
             ... led by Robin
              (5 damage)
             ... on level 2 of the Dungeon.
             The game lasted 00:04:11 (608 turns).

frogsdev the Shield-Bearer (Formicid Fighter)        Turns: 608, Time: 00:04:11

Health: -2/35      AC:  7    Str: 25 (27) XL:     4   Next: 30%
Magic:  4/4        EV:  8    Int:  7      God:
Gold:   61         SH: 10    Dex:  9 (10) Spells: 3/3 levels left

rFire    . . .     SeeInvis +   a - +0 flail
rCold    . . .     Gourm    .   c - +0 shield
rNeg     . . .     Faith    .   b - +0 scale mail
rPois    .         Spirit   .   (helmet unavailable)
rElec    .         Reflect  .   (no cloak)
rCorr    .         Harm     .   (no gloves)
MR       .....                  (no boots)
Stlth    ..........             (no amulet)
HPRegen  0.11/turn              (no ring)
MPRegen  0.09/turn              (no ring)

@: mighty, very slightly contaminated, invisible
A: permanent stasis, dig shafts and tunnels, four strong arms, antennae 3
a: Dig, Shaft Self


You were on level 2 of the Dungeon.
You were not hungry.

You visited 1 branch of the dungeon, and saw 2 of its levels.

You collected 61 gold pieces.

Inventory:

Hand Weapons
 a - a +0 flail (weapon)
 i - a cursed -2 mace
Armour
 b - a +0 scale mail (worn)
 c - a +0 shield (worn)
Potions
 d - a potion of might
 e - a potion of berserk rage {unknown}
Comestibles
 f - 3 rations


   Skills:
 + Level 3.5 Fighting
 + Level 2.7 Maces & Flails
 + Level 3.7 Armour
 + Level 0.6 Dodging
 + Level 4.4 Shields


You had 3 spell levels left.
You didn't know any spells.

Dungeon Overview and Level Annotations

Branches:
Dungeon (2/15)

Altars:


Innate Abilities, Weirdness & Mutations

You cannot be hasted, slowed, berserked, paralysed or teleported.
You can dig through walls and to a lower floor.
Your four strong arms can wield two-handed weapons with a shield.
You have a pair of large antennae on your head. (SInv)


Message History

You block the goblin's attack. The goblin barely misses you.
The rat barely misses you.
You thump the goblin!
You kill the goblin!
You block the hobgoblin's attack. The goblin hits you but does no damage.
The goblin barely misses you. The rat bites you but does no damage.
The goblin closely misses you.
The goblin no longer looks unusually strong.
Things that are here:
a dagger; a goblin corpse The hobgoblin no longer looks unusually strong.
The goblin no longer looks unusually strong.
You closely miss the hobgoblin. The hobgoblin barely misses you.
You closely miss the hobgoblin.
The goblin no longer looks unusually strong.
You block the hobgoblin's attack.
You barely miss the hobgoblin. You block the hobgoblin's attack.
The hobgoblin closely misses you.
You closely miss the hobgoblin. The hobgoblin hits you with a club.
You die...

## #.#######...##... .#
##................ .#
#........)))..# .#
#..#.......)<.# # .#
#..#.####.#)#.#.#
.###..#.# #...gg#.####.
......#.####.#.grg......
.##..........###g#.####.
.###..#.####.# #@# #
.#..>.#.# #.# #.#
##......# #.# #.#
.<......## #.#
)†)......# #.#
............ ..#
##......#### ...
#<...#.# ### #..###.#


You could see a hobgoblin, 4 goblins and a rat.

Vanquished Creatures
  Robin (D:2)
  2 dart slugs (D:1)
  2 leopard geckos (D:1)
  A giant cockroach (D:1)
  8 goblins
  9 hobgoblins
  9 kobolds
  2 bats (D:1)
  5 frilled lizards (D:1)
  5 rats
44 creatures vanquished.

Notes
Turn   | Place    | Note
-------+----------+-------------------------------------------
     0 | D:1      | frogsdev the Formicid Fighter began the quest for the Orb.
     0 | D:1      | Reached XP level 1. HP: 18/18 MP: 1/1
    43 | D:1      | Reached XP level 2. HP: 12/24 MP: 2/2
    50 | D:1      | Reached skill level 4 in Shields
   161 | D:1      | Reached XP level 3. HP: 23/29 MP: 3/3
   587 | D:2      | Reached XP level 4. HP: 30/35 MP: 4/4
   588 | D:2      | Noticed Robin
   597 | D:2      | Killed Robin
   608 | D:2      | Slain by a hobgoblin

Skill      XL: |  1  2 |
---------------+-------+-----
Shields        | 4 |  4.4
Fighting       | |  3.5
Maces & Flails | |  2.7
Armour         | |  3.7
Dodging        | |  0.6

Action                   |  1- 3 |  4- 6 || total
-------------------------+-------+-------++-------
Melee: Flail             |   135 |    14 ||   149
  Use: Potion            |     4 |     2 ||     6
       Scroll            |     2 |       ||     2
Armor: Scale mail        |    71 |    18 ||    89
Dodge: Dodged            |    77 |    29 ||   106
Block: Shield            |   107 |    26 ||   133
